[Event "ICC tourney 2595 (40 10)"]
[Site "Internet Chess Club"]
[Date "2021.06.05"]
[Round "3"]
[White "PEESA, RAHUL:RahulPeesa"]
[Black "SARAVANAN, ARJUN:arjunsaravanan"]
[Result "1-0"]
[ICCResult "Black checkmated"]
[WhiteElo "1341"]
[BlackElo "1152"]
[Opening "Queen's pawn"]
[ECO "A40"]
[NIC "QO.17"]
[Time "15:34:33"]
[PlyCount "141"]
[TimeControl "2400+10"]

1. d4 c6 2. Bf4 d5 3. e3 Nf6 4. Nf3 Bg4 5. h3 Bh5 6. c4 e6 7. Nc3 Bb4 8.
Qb3 Qb6 9. Ne5 Nbd7 10. Bd3 O-O-O 11. cxd5 Nxd5 12. Nc4 Bxc3+ 13. bxc3 Qxb3
14. axb3 Nxf4 15. exf4 Kb8 16. Be2 Bxe2 17. Kxe2 Nb6 18. Ne5 Rhf8 19. Ra2
Nd5 20. Rc2 Nxf4+ 21. Kf3 Nd5 22. Ra1 a6 23. Ra4 Kc7 24. Nd3 Nb6 25. Ra1 f6
26. Nf4 Rfe8 27. Re1 e5 28. Rce2 Nd7 29. Nd3 Kd6 30. dxe5+ Nxe5+ 31. Nxe5
Rxe5 32. Rd2+ Ke7 33. Rxe5+ fxe5 34. Rxd8 Kxd8 35. Ke4 Ke7 36. Kxe5 b5 37.
b4 g6 38. f4 h6 39. g4 g5 40. f5 Kd7 41. Kd4 Kd6 42. f6 Ke6 43. Kc5 Kxf6
44. Kxc6 Ke5 45. Kb6 Kf4 46. Kxa6 Kg3 47. Kxb5 Kxh3 48. c4 Kxg4 49. c5 h5
50. c6 h4 51. c7 h3 52. c8=Q+ Kg3 53. Qc3+ Kg2 54. Qd2+ Kg3 55. Qe3+ Kg2
56. Qxg5+ Kh2 57. Qf4+ Kg2 58. Qg4+ Kh2 59. Qxh3+ Kxh3 60. Kc6 Kg4 61. b5
Kg5 62. b6 Kf6 63. b7 Ke7 64. b8=Q Kf6 65. Qe8 Kg7 66. Qe6 Kh8 67. Qg4 Kh7
68. Kd6 Kh6 69. Ke6 Kh7 70. Kf7 Kh8 71. Qg8# { Black checkmated } 1-0

[Event "ICC tourney 2595 (40 10)"]
[Site "Internet Chess Club"]
[Date "2021.06.05"]
[Round "3"]
[White "Nori, YOGA KAUSTHUBHA KRISHNA:Harithaananth"]
[Black "VALISEKKAGARI, SAICHARAN:K06-16250885"]
[Result "0-1"]
[ICCResult "White resigns"]
[WhiteElo "1071"]
[BlackElo "1393"]
[Opening "Four knights: Gunsberg variation"]
[ECO "C47"]
[NIC "KP.06"]
[Time "15:33:37"]
[PlyCount "144"]
[TimeControl "2400+10"]

1. e4 e5 2. Nf3 Nc6 3. Nc3 Nf6 4. a3 Bc5 5. Nxe5 Nxe5 6. d4 Bd6 7. dxe5
Bxe5 8. Bd3 O-O 9. Bd2 Re8 10. O-O Bxc3 11. Bxc3 Nxe4 12. Bxe4 Rxe4 13. Qf3
d5 14. Qg3 Rg4 15. Qe5 c6 16. Rfe1 Be6 17. h3 Rg5 18. Qd4 Bxh3 19. g3 Qd6
20. Re3 Bf5 21. Rae1 Be6 22. Re5 Qe7 23. Rxg5 Qxg5 24. Re5 Qh6 25. Rh5 Qg6
26. Re5 b6 27. b4 Re8 28. a4 f6 29. Re3 Qxc2 30. a5 Bd7 31. Rxe8+ Bxe8 32.
axb6 axb6 33. Bd2 b5 34. Qe3 Qe4 35. Qxe4 dxe4 36. Kg2 f5 37. Kf1 Kf7 38.
Ke2 Ke6 39. Ke3 Kd5 40. Kf4 h6 41. Kxf5 g6+ 42. Kf4 Bd7 43. Ke3 Bf5 44. Ke2
g5 45. Ke3 c5 46. bxc5 Kxc5 47. Bc3 b4 48. Bg7 b3 49. Kd2 h5 50. Bf6 g4 51.
Kc3 Be6 52. Bd4+ Kb5 53. Kb2 Kc4 54. Be3 Kd3 55. Ba7 Ke2 56. Bd4 Kf3 57.
Bb6 Kg2 58. Be3 Kh3 59. Bd4 h4 60. gxh4 Kxh4 61. Be3 g3 62. fxg3+ Kxg3 63.
Bc5 Kf3 64. Ba7 e3 65. Bxe3 Kxe3 66. Kc3 Ke2 67. Kb2 Kd1 68. Kb1 Bc4 69.
Kb2 Kd2 70. Kb1 Kc3 71. Kc1 b2+ 72. Kb1 Bd3+ { White resigns } 0-1

[Event "ICC tourney 2595 (40 10)"]
[Site "Internet Chess Club"]
[Date "2021.06.05"]
[Round "3"]
[White "VESVAL, THOMAS:Goofymammoth"]
[Black "NAMBIAR, AARAV THILOP:AaravThilop"]
[Result "0-1"]
[ICCResult "White resigns"]
[WhiteElo "1245"]
[BlackElo "1450"]
[Opening "Sicilian defense"]
[ECO "B20"]
[NIC "SI.48"]
[Time "15:33:45"]
[PlyCount "114"]
[TimeControl "2400+10"]

1. e4 c5 2. b3 d6 3. Bb2 Nc6 4. Bb5 a6 5. Bxc6+ bxc6 6. f4 Nf6 7. Nc3 Bg4
8. Nge2 c4 9. h3 Bxe2 10. Qxe2 cxb3 11. axb3 Qb6 12. Na4 Qb4 13. Nc3 e6 14.
Rxa6 Rc8 15. O-O Be7 16. Ra7 Qd4+ 17. Qf2 Qxf2+ 18. Rxf2 Bd8 19. Ra6 O-O
20. Rf1 d5 21. e5 Nd7 22. Kh1 Nc5 23. Ra7 d4 24. Ba3 Bb6 25. Bxc5 Bxc5 26.
Ra5 dxc3 27. Rxc5 cxd2 28. Rd1 Rfd8 29. Kg1 Rd4 30. g3 g6 31. Kf2 Rcd8 32.
Rxc6 Kg7 33. Rc3 Kf8 34. Ke3 R4d5 35. Rd3 Rxd3+ 36. cxd3 Rb8 37. Rxd2 Rxb3
38. g4 Rb5 39. d4 h6 40. Ke4 Rb3 41. Rd3 Rb4 42. f5 gxf5+ 43. gxf5 Kg7 44.
f6+ Kh7 45. Rg3 Rb7 46. d5 Rb4+ 47. Kf3 Rb3+ 48. Kf4 Rxg3 49. Kxg3 exd5 50.
Kf4 Kg6 51. h4 h5 52. e6 fxe6 53. Ke5 Kf7 54. Kd4 Kxf6 55. Ke3 Ke5 56. Kd3
d4 57. Ke2 Ke4 { White resigns } 0-1

[Event "ICC tourney 2595 (40 10)"]
[Site "Internet Chess Club"]
[Date "2021.06.05"]
[Round "3"]
[White "Rai, Vedant:VedantRai"]
[Black "JACOBS, STEVE:Steviejay"]
[Result "0-1"]
[ICCResult "White resigns"]
[WhiteElo "764"]
[BlackElo "1343"]
[Opening "Caro-Kann: exchange variation"]
[ECO "B13"]
[NIC "CK.02"]
[Time "15:34:33"]
[PlyCount "76"]
[TimeControl "2400+10"]

1. e4 c6 2. d4 d5 3. exd5 cxd5 4. Nc3 Nf6 5. Nf3 Nc6 6. Bb5 Bg4 7. Bxc6+
bxc6 8. h3 Bxf3 9. Qxf3 e6 10. Bg5 Be7 11. O-O O-O 12. Bxf6 Bxf6 13. Qd3
Qb6 14. Na4 Qxd4 15. Qxd4 Bxd4 16. c3 Bb6 17. b3 Rfd8 18. Rfd1 e5 19. Rd2
e4 20. Nxb6 axb6 21. Rad1 f5 22. a4 Ra7 23. c4 Rad7 24. cxd5 Rxd5 25. Rxd5
cxd5 26. Kf1 Kf7 27. b4 Ke6 28. Ke2 d4 29. f3 Ke5 30. g3 d3+ 31. Ke3 Rc8
32. fxe4 fxe4 33. a5 bxa5 34. bxa5 Rc2 35. Rd2 Rxd2 36. Kxd2 Kd6 37. a6 Kc7
38. Ke3 Kb6 { White resigns } 0-1

[Event "ICC tourney 2595 (40 10)"]
[Site "Internet Chess Club"]
[Date "2021.06.05"]
[Round "3"]
[White "BRAHMANAPALLY, SARVAGNYA:bsarvagnya"]
[Black "BLIZNIUK, STANISLAW:Sbliz20"]
[Result "0-1"]
[ICCResult "White resigns"]
[WhiteElo "1323"]
[BlackElo "1176"]
[Opening "Caro-Kann: advance variation"]
[ECO "B12"]
[NIC "CK.04"]
[Time "15:34:12"]
[PlyCount "54"]
[TimeControl "2400+10"]

1. e4 c6 2. d4 d5 3. e5 Bf5 4. Nf3 e6 5. Nc3 Nd7 6. Bd3 Bxd3 7. Qxd3 Bb4 8.
Bd2 Ne7 9. a3 Bxc3 10. Bxc3 O-O 11. Bd2 Qb6 12. Ng5 Ng6 13. b3 Rac8 14. h4
c5 15. h5 c4 16. bxc4 dxc4 17. Qe4 c3 18. Be3 f5 19. exf6 Nxf6 20. Qd3 Ne7
21. h6 gxh6 22. Rxh6 Nf5 23. Rh3 Qc6 24. g4 Nxg4 25. Ke2 Ngxe3 26. Rxe3 Qg2
27. Rg3 Nxg3+ { White resigns } 0-1

[Event "ICC tourney 2595 (40 10)"]
[Site "Internet Chess Club"]
[Date "2021.06.05"]
[Round "3"]
[White "SISTA, SAI VIJAY HIMAGHNA:Chessboy5"]
[Black "Kunchanapalli, Havish Nagasai Sashank:HavishNSK"]
[Result "0-1"]
[ICCResult "White checkmated"]
[WhiteElo "1135"]
[BlackElo "1291"]
[Opening "French: advance, Milner-Barry gambit"]
[ECO "C02"]
[NIC "FR.03"]
[Time "15:33:53"]
[PlyCount "162"]
[TimeControl "2400+10"]

1. e4 e6 2. d4 d5 3. e5 c5 4. c3 Nc6 5. Nf3 Qb6 6. Bd3 Bd7 7. Qb3 Qc7 8.
Bf4 c4 9. Bxc4 dxc4 10. Qxc4 Nge7 11. Na3 Nd5 12. Nb5 Qb6 13. Bg3 Na5 14.
Qd3 Bxb5 15. Qc2 Be7 16. b3 Bd7 17. O-O Rc8 18. c4 Nb4 19. Qd2 Na6 20. c5
Qb4 21. Qxb4 Nxb4 22. a3 Nxb3 23. Rab1 Nd5 24. Rxb3 Bc6 25. Nd2 O-O 26. Nc4
a6 27. Na5 Bb5 28. Ra1 Bc6 29. Nxb7 Rb8 30. Na5 Rxb3 31. Nxb3 Rb8 32. Na5
Bb5 33. Rb1 Bd8 34. Nc6 Rc8 35. Na7 Rc7 36. Nxb5 axb5 37. Rxb5 Rc8 38. f3
g6 39. a4 Ra8 40. c6 Bc7 41. Bh4 Ra6 42. Rb7 Rxc6 43. Ra7 Bb6 44. Ra8+ Kg7
45. g4 Bxd4+ 46. Kg2 Rc2+ 47. Kh3 Bxe5 48. Bg3 Nf4+ 49. Kh4 h6 50. g5 hxg5+
51. Kxg5 Nd3 52. Bxe5+ Nxe5 53. Kf4 Nd7 54. Kg3 Rc4 55. a5 Ra4 56. a6 Nc5
57. a7 Nb3 58. Rb8 Nd4 59. a8=Q Rxa8 60. Rxa8 Nf5+ 61. Kg2 Kf6 62. Kf2 Kg5
63. Rf8 Kf6 64. f4 Ke7 65. Ra8 Kd6 66. Ra7 Nh6 67. Kg3 f6 68. Ra6+ Kd5 69.
Ra7 Ke4 70. Re7 Nf5+ 71. Kg4 Nxe7 72. h4 Ng8 73. h5 gxh5+ 74. Kxh5 Kxf4 75.
Kg6 e5 76. Kh5 e4 77. Kh4 e3 78. Kh5 e2 79. Kg6 e1=Q 80. Kh5 Qg1 81. Kh4
Qg4# { White checkmated } 0-1

[Event "ICC tourney 2595 (40 10)"]
[Site "Internet Chess Club"]
[Date "2021.06.05"]
[Round "3"]
[White "JACKSON, MASSIMO MATEO:Yeetamus123"]
[Black "NAIR, PRANAV PRASANTH:pkcl"]
[Result "1-0"]
[ICCResult "Black checkmated"]
[WhiteElo "1355"]
[BlackElo "1216"]
[Opening "Scotch: Potter variation"]
[ECO "C45"]
[NIC "SO.05"]
[Time "15:33:43"]
[PlyCount "119"]
[TimeControl "2400+10"]

1. e4 e5 2. Nf3 Nc6 3. d4 exd4 4. Nxd4 Bc5 5. Nb3 Bb6 6. Nc3 d6 7. Qe2 h6
8. Be3 Nf6 9. f3 Be6 10. h4 Bxe3 11. Qxe3 Bxb3 12. axb3 Qe7 13. O-O-O O-O-O
14. Bb5 Qe8 15. Bxc6 Qxc6 16. Qxa7 b6 17. e5 dxe5 18. Nb5 Qb7 19. Qa4 Kb8
20. Rhe1 Rxd1+ 21. Rxd1 Rc8 22. Re1 Re8 23. Qc4 Re7 24. f4 e4 25. Rd1 Re8
26. Qxf7 e3 27. Qxe8+ Nxe8 28. Rd8+ Qc8 29. Rxc8+ Kxc8 30. Kd1 Nf6 31. Ke2
Nd5 32. g3 Kd7 33. Nc3 Nb4 34. Kxe3 Nxc2+ 35. Kd3 Nb4+ 36. Ke4 Ke6 37. f5+
Kd6 38. g4 c6 39. h5 Nd5 40. Nxd5 cxd5+ 41. Kd4 Ke7 42. Kxd5 Kf6 43. Kc6
Kg5 44. Kxb6 Kxg4 45. Ka6 Kxf5 46. b4 g5 47. hxg6 Kxg6 48. b5 h5 49. b6 h4
50. b7 h3 51. b8=Q Kg5 52. Qh2 Kg4 53. b4 Kh4 54. b5 Kg4 55. b6 Kh4 56. b7
Kg4 57. b8=Q Kh4 58. Qbf4+ Kh5 59. Qxh3+ Kg6 60. Qhh6# { Black checkmated }
1-0

[Event "ICC tourney 2595 (40 10)"]
[Site "Internet Chess Club"]
[Date "2021.06.05"]
[Round "3"]
[White "BAI, JEFFREY:Jeffchess"]
[Black "LIU, BRYAN:coolcoolsugar"]
[Result "0-1"]
[ICCResult "White checkmated"]
[WhiteElo "1264"]
[BlackElo "622"]
[Opening "Sicilian: closed"]
[ECO "B23"]
[NIC "SI.44"]
[Time "15:33:47"]
[PlyCount "124"]
[TimeControl "2400+10"]

1. e4 c5 2. Nc3 d6 3. f4 Nc6 4. Bb5 Bd7 5. Nf3 e6 6. a3 Be7 7. O-O Nf6 8.
h3 a6 9. Bxc6 Bxc6 10. e5 Nd5 11. Nxd5 Bxd5 12. d3 b5 13. b3 c4 14. dxc4
bxc4 15. b4 dxe5 16. Nxe5 Qb6+ 17. Kh2 Bf6 18. Bb2 Rd8 19. Qd4 Qc7 20. Qc5
Qxc5 21. bxc5 Rc8 22. Bd4 Be7 23. Rab1 f6 24. Ng4 O-O 25. Rb6 Bxc5 26. Bxc5
Rxc5 27. Rxa6 h5 28. Ne3 Ra8 29. Rxa8+ Bxa8 30. Rb1 Kf7 31. Rb4 e5 32. fxe5
fxe5 33. Nxc4 Ke6 34. Rb6+ Kf5 35. Nd6+ Kf4 36. c4 e4 37. Rb5 e3 38. Rxc5
e2 39. Rxh5 g5 40. g3+ Ke5 41. Rh8 Bc6 42. Nf7+ Kf6 43. Rh6+ Kxf7 44. Rxc6
e1=Q 45. Rh6 Qd2+ 46. Kg1 Qd4+ 47. Kg2 Qxc4 48. h4 Qe2+ 49. Kh1 Qf3+ 50.
Kh2 Qe2+ 51. Kg1 g4 52. Rh5 Qe3+ 53. Kg2 Qf3+ 54. Kh2 Qf2+ 55. Kh1 Qxg3 56.
a4 Qf3+ 57. Kg1 g3 58. Rf5+ Qxf5 59. Kg2 Qf2+ 60. Kh3 g2 61. a5 g1=Q 62. a6
Qgg3# { White checkmated } 0-1

[Event "ICC tourney 2595 (40 10)"]
[Site "Internet Chess Club"]
[Date "2021.06.05"]
[Round "3"]
[White "Yang, Leah:Leahyang0713"]
[Black "MADSEN, STUART:gmstuartscott"]
[Result "1-0"]
[ICCResult "Black resigns"]
[WhiteElo "588"]
[BlackElo "823"]
[Opening "King's pawn game"]
[ECO "C50"]
[NIC "IG.03"]
[Time "15:34:07"]
[PlyCount "117"]
[TimeControl "2400+10"]

1. e4 e5 2. Nf3 Nc6 3. Bc4 h6 4. c3 Be7 5. d4 d6 6. h3 Nf6 7. Qe2 a6 8. O-O
b5 9. Bb3 Bb7 10. Bc2 Na5 11. b4 Nc4 12. a4 O-O 13. Nbd2 d5 14. Nxc4 dxc4
15. Nxe5 Nxe4 16. Bxe4 Bxe4 17. Qxe4 f5 18. Qe2 Qd6 19. Bf4 Qe6 20. Rfe1
Bd6 21. axb5 axb5 22. Rxa8 Rxa8 23. Qf3 Ra2 24. Kh2 Bxe5 25. Rxe5 Qf6 26.
Rxb5 Kh7 27. Bxc7 Qg6 28. Qxf5 Ra3 29. Qxg6+ Kxg6 30. Be5 Rxc3 31. d5 Rc2
32. d6 Rxf2 33. d7 Rd2 34. Rb7 Kf5 35. Bxg7 Kg6 36. Bc3 Rd3 37. Rc7 Kf7 38.
b5 Ke6 39. Rxc4 Rxd7 40. b6 Rb7 41. Ba5 Kd5 42. Rc7 Rb8 43. Rh7 Kc5 44.
Rxh6 Kb5 45. Bd2 Rb7 46. Be3 Kc4 47. Kg3 Kd3 48. Bf4 Ke4 49. Kg4 Kd5 50.
Kh5 Ke4 51. Bh2 Kf5 52. g4+ Ke4 53. g5 Kf3 54. Rf6+ Kg2 55. Be5 Kxh3 56. g6
Kg2 57. g7 Rxg7 58. Rg6+ Rxg6 59. Kxg6 { Black resigns } 1-0

[Event "ICC tourney 2595 (40 10)"]
[Site "Internet Chess Club"]
[Date "2021.06.05"]
[Round "3"]
[White "DESHPANDE, SARTHAK YASHODHAN:King2012"]
[Black "Smith, Graham Bradley:Smittyboy13"]
[Result "0-1"]
[ICCResult "White checkmated"]
[WhiteElo "1457"]
[BlackElo "1043"]
[Opening "Scotch gambit: Dubois-Réti defense"]
[ECO "C55"]
[NIC "KP.02"]
[Time "15:33:55"]
[PlyCount "56"]
[TimeControl "2400+10"]

1. e4 e5 2. Nf3 Nc6 3. d4 exd4 4. Bc4 Nf6 5. e5 d5 6. Bb5 Ne4 7. Nxd4 Bc5
8. O-O Bxd4 9. Qxd4 O-O 10. Bxc6 bxc6 11. f3 Ng5 12. f4 Ne4 13. f5 Ba6 14.
Rf3 Qd7 15. Nc3 Rad8 16. f6 Rfe8 17. Bf4 c5 18. Qe3 Nxc3 19. bxc3 d4 20.
Qe4 d3 21. Rh3 g6 22. Bd2 dxc2 23. Rxh7 Qxd2 24. Qh4 c1=Q+ 25. Rxc1 Qxc1+
26. Kf2 Qf1+ 27. Kg3 Rd3+ 28. Kg4 Qf5# { White checkmated } 0-1

[Event "ICC tourney 2595 (40 10)"]
[Site "Internet Chess Club"]
[Date "2021.06.05"]
[Round "3"]
[White "LI, MASON:iamlifamily"]
[Black "WONG, KATE:AmazingKW"]
[Result "1/2-1/2"]
[ICCResult "Game drawn by repetition"]
[WhiteElo "1266"]
[BlackElo "430"]
[Opening "Queen's pawn, Mason variation"]
[ECO "D00"]
[NIC "QP.08"]
[Time "15:33:45"]
[PlyCount "206"]
[TimeControl "2400+10"]

1. d4 d5 2. Bf4 Nc6 3. e3 Bf5 4. Nf3 Nf6 5. c3 e6 6. Qb3 Rb8 7. Bb5 Be7 8.
Ne5 O-O 9. Nd2 Nxe5 10. Bxe5 Ne4 11. Nxe4 Bxe4 12. O-O Bf6 13. Bg3 Bh4 14.
Be2 Bxg3 15. hxg3 Qg5 16. c4 dxc4 17. Qxc4 c6 18. Bf3 Bxf3 19. gxf3 h5 20.
Kg2 Qd5 21. Qd3 e5 22. Rad1 exd4 23. Qxd4 Qxa2 24. Rh1 g6 25. g4 Rbd8 26.
Qxd8 Rxd8 27. Rxd8+ Kg7 28. gxh5 gxh5 29. Rxh5 Qxb2 30. Rh4 a5 31. Rg4+ Kf6
32. Rf4+ Ke7 33. Rdd4 b5 34. Rfe4+ Kf8 35. Rd8+ Kg7 36. Rg4+ Kf6 37. Rd6+
Ke7 38. Rxc6 a4 39. Rb6 a3 40. Rg5 a2 41. Rgxb5 Qxb5 42. Rxb5 a1=Q 43. Rg5
Kf6 44. Rg4 Ke5 45. Re4+ Kd5 46. Rd4+ Kc5 47. Rg4 f5 48. Rg5 Qf6 49. Rg3
Kc4 50. e4 f4 51. Rg4 Kd3 52. Rg8 Ke2 53. Rg4 Qd6 54. Rh4 Qd2 55. Rg4 Ke1
56. Kh3 Qxf2 57. Rxf4 Qf1+ 58. Kg4 Qg2+ 59. Kf5 Qh3+ 60. Kg5 Ke2 61. Rf5
Qg3+ 62. Kf6 Qh4+ 63. Ke5 Ke3 64. Ke6 Qh6+ 65. Rf6 Qg7 66. Rf5 Kd4 67. Rd5+
Kc4 68. Rf5 Qc7 69. Kf6 Qd8+ 70. Ke6 Qb6+ 71. Kd7 Kd4 72. Ke7 Ke3 73. Kd7
Qb7+ 74. Kd6 Qc8 75. Ke7 Qc7+ 76. Ke6 Qd8 77. Kf7 Qd7+ 78. Kf8 Qd8+ 79. Kg7
Qe7+ 80. Kh8 Qh4+ 81. Kg7 Qe7+ 82. Kg8 Qe8+ 83. Kg7 Qe7+ 84. Kg8 Qa7 85.
Kf8 Qa8+ 86. Kf7 Qb7+ 87. Kf8 Qc8+ 88. Kf7 Qd7+ 89. Kg8 Qe8+ 90. Kg7 Qb8
91. Kh7 Qh2+ 92. Kg8 Qg3+ 93. Kf8 Qb8+ 94. Kf7 Qc7+ 95. Kf8 Qd8+ 96. Kf7
Qh8 97. Ke7 Qg7+ 98. Ke6 Qg6+ 99. Ke7 Qg7+ 100. Ke6 Qg6+ 101. Ke7 Qg7+ 102.
Ke6 Qg6+ 103. Ke7 Qg7+ { Game drawn by repetition } 1/2-1/2

[Event "ICC tourney 2595 (40 10)"]
[Site "Internet Chess Club"]
[Date "2021.06.05"]
[Round "3"]
[White "Balamurali, Diya:Di28"]
[Black "Sun, Nathan Haojia:nathansun123"]
[Result "1/2-1/2"]
[ICCResult "Game drawn because neither player has mating material"]
[WhiteElo "1056"]
[BlackElo "794"]
[Opening "Giuoco Pianissimo: Italian four knights variation"]
[ECO "C55"]
[NIC "IG.01"]
[Time "15:33:59"]
[PlyCount "156"]
[TimeControl "2400+10"]

1. e4 e5 2. Nf3 Nc6 3. Bc4 Nf6 4. Nc3 Bc5 5. d3 O-O 6. Bg5 d6 7. h3 h6 8.
Bh4 g5 9. Bg3 Nh5 10. Bh2 Na5 11. Bb3 Nf4 12. Bxf4 exf4 13. d4 Nxb3 14.
axb3 Bb6 15. O-O c6 16. Qd3 f5 17. Rfe1 fxe4 18. Nxe4 d5 19. Nc3 Bf5 20.
Qd2 Bc7 21. Ne5 Re8 22. Nf3 Rxe1+ 23. Rxe1 Qd7 24. Qe2 Kf7 25. Ne5+ Bxe5
26. dxe5 Be6 27. Qd3 Kg7 28. Qe2 Re8 29. f3 Qc7 30. Qf2 b6 31. g4 fxg3 32.
Qxg3 Bf5 33. Re2 b5 34. h4 Qe7 35. hxg5 Qxg5 36. Qxg5+ hxg5 37. Kg2 Kf7 38.
Kg3 Kg6 39. f4 gxf4+ 40. Kxf4 Be6 41. Rg2+ Kf7 42. Ne2 Rf8 43. Ke3 Bf5 44.
c3 Be4 45. Rg1 c5 46. b4 c4 47. Ng3 Rg8 48. Rf1+ Ke7 49. Nxe4 dxe4 50. Kxe4
Ra8 51. Ra1 Kd7 52. Kd5 Kc7 53. Kc5 a6 54. Kd5 Kb6 55. e6 Rd8+ 56. Ke5 Rd2
57. Rb1 Re2+ 58. Kd6 Rd2+ 59. Ke7 Re2 60. Rf1 a5 61. bxa5+ Kxa5 62. Kf7 Ka4
63. e7 Kb3 64. e8=Q Rxe8 65. Kxe8 Kxb2 66. Rf5 Kxc3 67. Rxb5 Kd4 68. Rb1 c3
69. Rb4+ Kd3 70. Rb3 Kd2 71. Rb5 c2 72. Rd5+ Kc3 73. Rc5+ Kb2 74. Rb5+ Kc3
75. Rc5+ Kd2 76. Rd5+ Kc3 77. Rc5+ Kb2 78. Rxc2+ Kxc2 { Game drawn because
neither player has mating material } 1/2-1/2

[Event "ICC tourney 2595 (40 10)"]
[Site "Internet Chess Club"]
[Date "2021.06.05"]
[Round "3"]
[White "YAN, RAYNA:K01-30157975"]
[Black "GUAN , TSZ YEUNG:DanielGuan"]
[Result "0-1"]
[ICCResult "White checkmated"]
[WhiteElo "927"]
[BlackElo "1346"]
[Opening "Sicilian defense"]
[ECO "B32"]
[NIC "SI.32"]
[Time "15:34:20"]
[PlyCount "122"]
[TimeControl "2400+10"]

1. e4 c5 2. Nf3 Nc6 3. d4 cxd4 4. Nxd4 d6 5. Nxc6 bxc6 6. Nc3 Nf6 7. Bc4
Bd7 8. O-O g6 9. Bf4 Bg7 10. Re1 O-O 11. e5 dxe5 12. Bxe5 Bf5 13. Qxd8
Rfxd8 14. Rad1 Bxc2 15. Rxd8+ Rxd8 16. Bc7 Rd7 17. Bf4 Nd5 18. Nxd5 cxd5
19. Bb5 Rb7 20. Bc6 Rxb2 21. Bxd5 Rb1 22. Rxb1 Bxb1 23. Be3 e6 24. Bb3 a6
25. Bc4 a5 26. Bd2 a4 27. Kf1 Be5 28. h3 Kg7 29. Ke2 Kf6 30. Kd1 Be4 31. f3
Bd5 32. Bxd5 exd5 33. Kc2 Ke6 34. f4 Bg7 35. Kd3 Kd6 36. Bc3 Bxc3 37. Kxc3
Kc5 38. a3 d4+ 39. Kd3 Kd5 40. g3 h5 41. h4 f5 42. Kd2 Ke4 43. Ke2 d3+ 44.
Kf2 d2 45. Ke2 d1=Q+ 46. Kxd1 Kf3 47. Ke1 Kxg3 48. Kf1 Kxf4 49. Kf2 Ke4 50.
Ke2 f4 51. Kf2 f3 52. Kf1 Kf4 53. Kf2 Kg4 54. Kf1 Kxh4 55. Kf2 Kg4 56. Kf1
h4 57. Kf2 h3 58. Kg1 Kf4 59. Kh2 f2 60. Kh1 f1=Q+ 61. Kh2 Qg2# { White
checkmated } 0-1

[Event "ICC tourney 2595 (40 10)"]
[Site "Internet Chess Club"]
[Date "2021.06.05"]
[Round "3"]
[White "MANE, ARNAV KISHOR:georgianknight"]
[Black "REN, JOCELYN:K05-16899282"]
[Result "1/2-1/2"]
[ICCResult "Game drawn because neither player has mating material"]
[WhiteElo "1396"]
[BlackElo "1102"]
[Opening "Scotch: Potter variation"]
[ECO "C45"]
[NIC "SO.05"]
[Time "15:33:37"]
[PlyCount "124"]
[TimeControl "2400+10"]

1. e4 e5 2. Nf3 Nc6 3. d4 exd4 4. Nxd4 Bc5 5. Nb3 Bb6 6. Nc3 Nge7 7. Bd3
O-O 8. O-O Ne5 9. Bf4 d6 10. Na4 N7g6 11. Nxb6 axb6 12. Be3 Nxd3 13. cxd3
Be6 14. d4 d5 15. e5 f6 16. exf6 Qxf6 17. Qc2 c6 18. Nd2 Nf4 19. Nf3 Bf5
20. Qd2 Bd3 21. Rfd1 Be2 22. Re1 Bxf3 23. Bxf4 Qxf4 24. Qxf4 Rxf4 25. gxf3
Rxf3 26. Re7 Rf7 27. Rxf7 Kxf7 28. a4 b5 29. a5 Re8 30. a6 bxa6 31. Rxa6
Re6 32. Kg2 g5 33. h3 h5 34. Ra3 Ke7 35. Rg3 Rg6 36. h4 g4 37. Re3+ Re6 38.
Rxe6+ Kxe6 39. Kg3 Kf5 40. f3 b4 41. b3 gxf3 42. Kxf3 Ke6 43. Ke2 Kd6 44.
Kf2 c5 45. dxc5+ Kxc5 46. Ke3 d4+ 47. Ke4 d3 48. Kxd3 Kd5 49. Ke3 Ke5 50.
Kd3 Kf4 51. Kc4 Kg4 52. Kxb4 Kxh4 53. Ka5 Kg3 54. b4 h4 55. b5 h3 56. b6 h2
57. b7 h1=Q 58. b8=Q+ Kg2 59. Qb7+ Kg1 60. Qb1+ Kh2 61. Qc2+ Qg2 62. Qxg2+
Kxg2 { Game drawn because neither player has mating material } 1/2-1/2

[Event "ICC tourney 2595 (40 10)"]
[Site "Internet Chess Club"]
[Date "2021.06.05"]
[Round "3"]
[White "Yang, Daniel Benji:DanielYang99"]
[Black "Chang, Linda:BairnOwl"]
[Result "1-0"]
[ICCResult "Black forfeits on time"]
[WhiteElo "815"]
[BlackElo "1354"]
[Opening "Scandinavian defense"]
[ECO "B01"]
[NIC "SD.03"]
[Time "15:33:55"]
[PlyCount "125"]
[TimeControl "2400+10"]

1. e4 d5 2. exd5 Nf6 3. Nc3 Nxd5 4. Nf3 Bg4 5. d4 Nc6 6. Be2 a6 7. O-O Qd6
8. Nxd5 Qxd5 9. h3 Bf5 10. c4 Qd6 11. Be3 O-O-O 12. d5 Ne5 13. Qb3 e6 14.
Rfd1 Nxf3+ 15. Bxf3 Qb4 16. Qxb4 Bxb4 17. c5 c6 18. a3 Ba5 19. b4 Bc7 20.
d6 Bb8 21. Bf4 f6 22. Ra2 e5 23. Bg3 Rd7 24. Rad2 Kd8 25. Bg4 g6 26. Bxf5
gxf5 27. f4 e4 28. Bh4 Rf8 29. g4 fxg4 30. hxg4 Rg7 31. g5 fxg5 32. Bxg5+
Kd7 33. Kh2 Rg6 34. Re1 Re6 35. Rde2 Rfe8 36. Be7 R8xe7 37. dxe7 Bxf4+ 38.
Kg1 Bg3 39. Rd1+ Kxe7 40. Red2 e3 41. Rd7+ Kf6 42. Kg2 Bh4 43. Rf1+ Kg6 44.
Rg1 Bg5 45. Rd6 Rxd6 46. cxd6 Kf6 47. d7 Ke7 48. Rd1 Kd8 49. Kf3 b6 50. Ke2
c5 51. bxc5 bxc5 52. Rd5 h6 53. Kd3 c4+ 54. Kxc4 e2 55. Re5 Kxd7 56. Rxe2
Be7 57. a4 h5 58. Kd5 h4 59. Re6 a5 60. Rh6 Bd8 61. Rh5 Be7 62. Rh7 Ke8 63.
Ke6 { Black forfeits on time } 1-0

[Event "ICC tourney 2595 (40 10)"]
[Site "Internet Chess Club"]
[Date "2021.06.05"]
[Round "3"]
[White "MCQUILLIN, DANIL ALSANDAIR:DanilMcQuillin"]
[Black "SARAVANAN, ARYA:aryasaravanan"]
[Result "1-0"]
[ICCResult "Black checkmated"]
[WhiteElo "1391"]
[BlackElo "1240"]
[Opening "English: four knights, kingside fianchetto"]
[ECO "A29"]
[NIC "EO.04"]
[Time "15:33:53"]
[PlyCount "99"]
[TimeControl "2400+10"]

1. c4 e5 2. Nc3 Nf6 3. Nf3 Nc6 4. g3 d6 5. d4 exd4 6. Nxd4 Bd7 7. Bg2 g6 8.
O-O Bg7 9. b3 O-O 10. Bb2 h5 11. Qd2 Qc8 12. Nxc6 Bxc6 13. Nd5 Nxd5 14.
cxd5 Bd7 15. Bxg7 Kxg7 16. Qc3+ Kh7 17. Rfc1 Bh3 18. Qxc7 Bxg2 19. Kxg2 Qf5
20. Qxd6 Qe4+ 21. Kg1 Qxe2 22. Qf4 Rad8 23. Rc7 Rxd5 24. Rxf7+ Rxf7 25.
Qxf7+ Kh6 26. Qxd5 Qb2 27. Rd1 Qxa2 28. Qd2+ Qxd2 29. Rxd2 b5 30. Rd5 a6
31. Rd6 a5 32. Rd5 a4 33. bxa4 bxa4 34. Ra5 g5 35. Rxa4 h4 36. gxh4 gxh4
37. Rxh4+ Kg5 38. Rh3 Kg4 39. Rg3+ Kf4 40. h4 Kf5 41. h5 Kf4 42. h6 Kf5 43.
h7 Kf4 44. h8=Q Kf5 45. Qh5+ Kf4 46. Qh4+ Kf5 47. Rg5+ Kf6 48. Qh6+ Kf7 49.
Rg7+ Ke8 50. Qh8# { Black checkmated } 1-0

[Event "ICC tourney 2595 (40 10)"]
[Site "Internet Chess Club"]
[Date "2021.06.05"]
[Round "3"]
[White "Zong, Ivan:ivanzong"]
[Black "Lee, Shan:Shanlee"]
[Result "0-1"]
[ICCResult "White resigns"]
[WhiteElo "1300"]
[BlackElo "896"]
[Opening "Queen's pawn game"]
[ECO "D00"]
[NIC "QP.08"]
[Time "15:33:45"]
[PlyCount "120"]
[TimeControl "2400+10"]

1. d4 d5 2. e3 Nf6 3. Bd3 e6 4. Nf3 Bd6 5. b3 O-O 6. Bb2 Nc6 7. O-O Bd7 8.
Nbd2 Qe7 9. Ne5 Nb4 10. Be2 c5 11. c4 dxc4 12. Ndxc4 cxd4 13. Qxd4 Bc5 14.
Qf4 Bb5 15. a3 Nbd5 16. Qh4 Rfd8 17. Bd3 Bxc4 18. bxc4 Nb6 19. Ng4 Nbd7 20.
Nxf6+ Nxf6 21. Bxf6 Qxf6 22. Qxh7+ Kf8 23. Rad1 Bxa3 24. Ra1 Bb2 25. Rab1
g6 26. Qh6+ Ke7 27. Be4 Rac8 28. Bxb7 Rxc4 29. Qh3 a5 30. Qg3 a4 31. Ba6
Rc5 32. Rbd1 Qg5 33. Rxd8 Qxg3 34. fxg3 Kxd8 35. Rxf7 a3 36. Bd3 a2 37. Ra7
a1=Q+ 38. Rxa1 Bxa1 39. Bxg6 Re5 40. Kf2 Ke7 41. g4 Bb2 42. Kf3 Bc1 43. Be4
Ra5 44. Bc6 Ra3 45. Kg3 Rxe3+ 46. Kf2 Rc3 47. Ba4 Kf6 48. Ke2 Bf4 49. g3
Bd6 50. Kf2 Kg5 51. Bd1 Bc5+ 52. Kg2 e5 53. h4+ Kg6 54. g5 e4 55. Kh3 Bf2
56. Kg4 Rxg3+ 57. Kf4 e3 58. Be2 Rg2 59. Bd3+ Kg7 60. Kf3 Rh2 { White
resigns } 0-1